 Dungeon Sprint DCSS version 0.27-a0-978-g2aa4ecdaef (webtiles) character file.

Game seed: 9454253875869770881

1486 mhtbhm the Arsonist (level 8, -6/44 HPs)
             Began as a Deep Elf Fire Elementalist on Apr 15, 2021.
             Mangled by a +0 scimitar of flaming (15 damage)
             ... in the Dungeon (Sprint V: "Ziggurat Sprint").
             The game lasted 00:05:27 (460 turns).

mhtbhm the Arsonist (Deep Elf Fire Elementalist)     Turns: 460, Time: 00:05:40

Health: -6/44      AC:  3    Str:  5    XL:     8   Next: 50%
Magic:  14/25      EV: 16    Int: 36    God:
Gold:   0          SH:  0    Dex: 15    Spells: 14/30 levels left

rFire    x . .     SeeInvis .   B - +9 sword of Zonguldrok {reap}
rCold    + . .     Faith    .   (no shield)
rNeg     . . .     Spirit   .   a - +0 robe
rPois    .         Reflect  .   C - +0 helmet {Int+3}
rElec    .         Harm     .   (no cloak)
rCorr    .         Rampage  .   (no gloves)
Will     .....     NoTele   +   (no boots)
Stlth    ++........             s - amulet of regeneration
HPRegen  1.14/turn              u - +6 ring of intelligence
MPRegen  0.19/turn              w - ring of Haupn {Ice Int+4}

@: no status effects
A: no striking features
a: no special abilities


You were in the Dungeon.
You visited 1 branch

Inventory:

Hand Weapons
 t - a +1 dagger of holy wrath
 B - the +9 sword of Zonguldrok (weapon) {reap}
   (You found it in the Dungeon)

   If a monster killed with it leaves a corpse in good enough shape, the corpse
   is reanimated as a zombie friendly to the killer.
Armour
 a - a +0 robe (worn)
 C - a +0 helmet of intelligence (worn)
Magical Staves
 x - a staff of poison
Jewellery
 s - an amulet of regeneration (around neck)
 u - a +6 ring of intelligence (left hand)
 v - a +6 ring of intelligence
 w - the ring of Haupn (right hand) {Ice Int+4}
   (You found it in the Dungeon)

   [ring of ice]

   It enhances your ice magic.
   It affects your intelligence (+4).
   It makes you vulnerable to fire.
   It protects you from cold.
Wands
 y - a wand of mindburst (7)
 z - a wand of iceblast (5)
 A - a wand of acid (7)
Scrolls
 h - 4 scrolls of blinking
 m - 4 scrolls of amnesia
 n - 7 scrolls of fog
 o - a scroll of holy word
 p - 5 scrolls of identify
 q - 2 scrolls of fear
Potions
 b - 2 potions of brilliance
 c - 10 potions of curing
 d - 8 potions of heal wounds
 e - 6 potions of haste
 f - 7 potions of magic
 g - 3 potions of berserk rage
 i - 2 potions of invisibility
 j - 4 potions of resistance
 k - a potion of experience
 l - 5 potions of might
Miscellaneous
 r - a lightning rod (4/4)
 D - a phial of floods


   Skills:
 + Level 1.9 Fighting
 + Level 2.5 Long Blades
 + Level 8.0 Dodging
 - Level 2.4 Stealth
 + Level 11.7 Spellcasting
 + Level 4.3 Conjurations
 + Level 3.1 Hexes
 + Level 14.9 Fire Magic
 + Level 2.8 Evocations


You had 14 spell levels left.
You knew the following spells:

 Your Spells              Type           Power      Damage    Failure   Level
a - Foxfire               Conj/Fire      100%       2x1d9     1%          1
b - Conjure Flame         Conj/Fire      74%        6-21      1%          3
c - Inner Flame           Hex/Fire       72%        N/A       1%          3
d - Sticky Flame          Conj/Fire      74%        2d9       1%          4
e - Fireball              Conj/Fire      37%        3d15      1%          5

Your spell library contained the following spells:

 Spells                   Type           Power      Damage    Failure   Level
 Borgnjor's Revivificati  Necr           10%        N/A       100%        8
 Infestation              Necr           10%        N/A       100%        8
 Necromutation            Tmut/Necr      10%        N/A       100%        8
 Death's Door             Necr           10%        N/A       100%        9


Dungeon Overview and Level Annotations

Branches:
Dungeon (1/1)

Altars:
Ashenzari
Cheibriados
Dithmenos
Elyvilon
Fedhas
Gozag
Hepliaklqana
Kikubaaqudgha
Makhleb
Nemelex Xobeh
Okawaru
Qazlal
Ru
Sif Muna
Trog
Uskayaw
Vehumet
Wu Jian
Xom
Yredelemnul
Zin
The Shining One
Beogh
Jiyva
Lugonu


Message History

Unknown command.
Casting: Fireball (dangerous; 1% risk of failure)
Confirm with . or Enter, or press ? or * to list all spells.
Okay, then.
Casting: Fireball (dangerous; 1% risk of failure)
Confirm with . or Enter, or press ? or * to list all spells.
Aiming: Inner Flame (safe; 1% risk of failure)
Press: ? - help, Shift-Dir - straight line, f - deep elf zephyrmancer
Aim: a deep elf zephyrmancer, wielding a +5 falchion of freezing and wearing a +0 chain mail (chance to affect: 91%)
The deep elf zephyrmancer is filled with an inner flame.
Unknown command.
Unknown command.
Casting: Inner Flame (safe; 1% risk of failure)
Confirm with . or Enter, or press ? or * to list all spells.
Aiming: Sticky Flame (safe; 1% risk of failure)
Press: ? - help, Shift-Dir - straight line, f/p - deep elf zephyrmancer
Aim: a deep elf zephyrmancer, wielding a +5 falchion of freezing and wearing a +0 chain mail (inner flame, 0% to evade) Out of range.
Okay, then.
Unknown command.
Casting: Sticky Flame (safe; 1% risk of failure)
Confirm with . or Enter, or press ? or * to list all spells.
Okay, then.
Casting: Sticky Flame (safe; 1% risk of failure)
Confirm with . or Enter, or press ? or * to list all spells.
You conjure some foxfire!
The +2 vorpal scimitar hits you!
The foxfire hits the +0 scimitar of flaming.
The +0 scimitar of flaming completely resists.
The +2 vorpal scimitar hits you!
The deep elf pyromancer casts a spell.
The deep elf pyromancer blinks!
Unknown command.
You feel much better.
The foxfire hits the +0 scimitar of flaming.
The +0 scimitar of flaming resists.
The +0 scimitar of flaming is lightly damaged.
The +2 vorpal scimitar hits you! The +0 scimitar of flaming hits you!!
* * * LOW HITPOINT WARNING * * *
The +0 scimitar of flaming burns you!
You die...

▓..)))..▓
▓..||[..▓
▓.......▓
▓.......▓
▓...E...▓
▓..e(...▓
▓..((...▓
▓...@...▓
▓▓▓▓▓▓▓▓▓


You could see an earth elemental, a deep elf zephyrmancer (inner flame) and 3
dancing weapons.

Vanquished Creatures
  2 ugly things (D)
  A human (shapeshifter) (D)
  A golden eye (shapeshifter) (D)
  A floating eye (D)
  2 necrophages (D)
  A wight (D)
  2 jellies (D)
  2 orc priests (D)
  An orc wizard (D)
  2 orcs (D)
  2 endoplasms (D)
  A quokka skeleton (D)
18 creatures vanquished.

Vanquished Creatures (others)
  7 foxfires (D)
7 creatures vanquished.

Grand Total: 25 creatures vanquished

Notes
Turn   | Place    | Note
-------+----------+-------------------------------------------
     0 | D        | mhtbhm the Deep Elf Fire Elementalist began the quest for
                  | the Orb.
     0 | D        | Reached XP level 1. HP: 10/10 MP: 6/6
     0 | D        | Found a shimmering blue altar of Sif Muna.
     0 | D        | Found a bloodstained altar of Trog.
     0 | D        | Found a sacrificial altar of Ru.
     0 | D        | Found a stormy altar of Qazlal.
     0 | D        | Found an iron altar of Okawaru.
     3 | D        | Found a sparkling altar of Nemelex Xobeh.
     3 | D        | Found a blossoming altar of Fedhas.
     4 | D        | Found the +6 Majin-Bo {vamp, MP+6 Int+6}
     4 | D        | Found the +9 heavy crossbow "Sniper" {vorpal, Acc+∞ SInv}
     4 | D        | Found the +10 dark maul {vorpal}
     4 | D        | Found the +15 Maxwell's patent armour {-Cast -Tele rElec
                  | Will+ rCorr}
     4 | D        | Found the +18 shield of the Gong {rElec rN+ Will+ EV-5}
     4 | D        | Found the +14 obsidian axe {vorpal, Drain Fly SInv}
     4 | D        | Found the +7 great mace "Firestarter" {inner flame, rF++}
     4 | D        | Found the +6 shillelagh "Devastator" {shatter}
     4 | D        | Found the +11 plutonium sword {Contam Stlth-}
     4 | D        | Found the +8 lance "Wyrmbane" {slay drac, rPois rF+ rC+
                  | AC+3}
     4 | D        | Found the +9 sword of Zonguldrok {reap}
     4 | D        | Found the +13 scythe of Curses {drain, Drain}
     4 | D        | Found the +5 sword of Power {vorpal}
     4 | D        | Found the +7 mace of Variability {chain chaos}
     4 | D        | Found the +7 Singing Sword {vorpal, sonic wave}
     4 | D        | Found the +8 storm bow {elec, penet}
     5 | D        | Found a transporter.
     5 | D        | Found an ancient bone altar of Kikubaaqudgha.
     5 | D        | Found a viscous altar of Jiyva.
     5 | D        | Found a corrupted altar of Lugonu.
     5 | D        | Found a hazy altar of Hepliaklqana.
     5 | D        | Found a burning altar of Makhleb.
     5 | D        | Found an opulent altar of Gozag.
    65 | D        | Entered arena 2.
    65 | D        | Noticed a jelly
    65 | D        | Noticed a floating eye
    65 | D        | Found a transporter.
    67 | D        | Killed a jelly
    68 | D        | Reached skill level 6 in Fire Magic
    68 | D        | Reached XP level 2. HP: 15/15 MP: 6/9
    68 | D        | Reached XP level 3. HP: 19/19 MP: 7/11
    68 | D        | Killed a floating eye
    69 | D        | Reached skill level 5 in Dodging
    69 | D        | Reached skill level 8 in Fire Magic
    69 | D        | Reached skill level 1 in Evocations
    69 | D        | Reached XP level 4. HP: 24/24 MP: 8/14
    82 | D        | Learned a level 3 spell: Conjure Flame
    86 | D        | Learned a level 3 spell: Inner Flame
    91 | D        | Learned a level 4 spell: Sticky Flame
   113 | D        | Entered arena 3.
   113 | D        | Found a transporter.
   120 | D        | Reached skill level 1 in Long Blades
   120 | D        | Reached skill level 9 in Fire Magic
   120 | D        | Reached XP level 5. HP: 28/28 MP: 9/16
   180 | D        | Learned a level 5 spell: Fireball
   181 | D        | Entered arena 4.
   181 | D        | Noticed a necrophage
   181 | D        | Noticed a necrophage
   181 | D        | Found a transporter.
   183 | D        | Reached skill level 1 in Fighting
   183 | D        | Reached skill level 10 in Fire Magic
   183 | D        | Killed a necrophage
   183 | D        | Killed a necrophage
   184 | D        | Reached skill level 1 in Hexes
   184 | D        | Reached skill level 11 in Fire Magic
   184 | D        | Reached XP level 6. HP: 34/34 MP: 6/19
   273 | D        | Entered arena 5.
   273 | D        | Noticed a golden eye
   273 | D        | Noticed a cyan ugly thing
   273 | D        | Noticed a white ugly thing
   273 | D        | Noticed a human
   273 | D        | Found a transporter.
   275 | D        | Killed a human
   276 | D        | Reached skill level 12 in Fire Magic
   276 | D        | Reached XP level 7. HP: 38/38 MP: 11/21
   276 | D        | Killed a golden eye
   277 | D        | Killed a cyan ugly thing
   278 | D        | Reached skill level 10 in Spellcasting
   278 | D        | Reached skill level 14 in Fire Magic
   278 | D        | Reached XP level 8. HP: 44/44 MP: 1/24
   278 | D        | Killed a green ugly thing
   406 | D        | Got the ring of Haupn {Ice Int+4}
   414 | D        | Entered arena 6.
   414 | D        | Found a transporter.
   456 | D        | Entered arena 7.
   456 | D        | Noticed a deep elf zephyrmancer
   456 | D        | Noticed a +1 dire flail of protection
   456 | D        | Noticed a +0 scimitar of flaming
   456 | D        | Noticed a deep elf pyromancer
   456 | D        | Noticed a +2 vorpal scimitar
   460 | D        | Mangled by a +0 scimitar of flaming

Illustrated notes

Levels and vault maps discovered:
D:        sprint_v [room_start, room_1, room_2, room_3, room_4, room_5, room_6,
          room_7, room_8, room_9, room_10, room_11, room_12, room_13, room_14,
          room_15, room_16, room_17, room_18, room_19, room_20, room_21,
          room_22, room_23, room_24, room_25, room_26, room_27]

Skill      XL: |  1  2  3  4  5  6  7  8 |
---------------+-------------------------+-----
Dodging        | 3 5 6 7 8 |  8.0
Spellcasting   | 4 6 8 9 10 11 | 11.7
Fire Magic     | 6 8 9 11 12 14 | 14.9
Evocations     | 1 2 |  2.8
Long Blades    | 1 2 |  2.5
Conjurations   | 2 3 4 |  4.3
Fighting       | 1 |  1.9
Hexes          | 1 2 3 |  3.1
Stealth        | |  2.4

Action                   |  1- 3 |  4- 6 |  7- 9 || total
-------------------------+-------+-------+-------++-------
Melee: Double sword      |     1 |       |       ||     1
 Cast: Foxfire           |       |     3 |     1 ||     4
       Inner Flame       |       |     2 |     1 ||     3
       Fireball          |       |     3 |     5 ||     8
Evoke: Wand              |     2 |       |       ||     2
  Use: Potion            |       |       |     2 ||     2

Table legend: (Time is in decaauts)
 A = Elapsed time spent in this place.
 B = Non-inter-level travel time spent in this place.
 C = Inter-level travel time spent in this place.
 D = Time resting spent in this place.
 E = Time spent auto-exploring this place.
 F = Levels seen in this place.
 G = Mean time per level.
                   A        B        C        D        E       F      G
               +--------+--------+--------+--------+--------+-----+--------+
         Total |    458 |    458 |      0 |    256 |      0 |   1 |  458.0 |
       Dungeon |    458 |    458 |      0 |    256 |      0 |   1 |  458.0 |
               +--------+--------+--------+--------+--------+-----+--------+

Top non-repeatable levels by time:
       D: 458 daAuts
